 Dungeon Crawl Stone Soup version 0.23-a0-345-g28c3e8efcb (webtiles) character file.

5810 Azzok the Cleaver (level 10, -4/99 HPs)
             Began as a Deep Dwarf Fighter on Oct 20, 2018.
             Was a Follower of Makhleb.
             Killed from afar by Erolcha (31 damage)
             ... with a bolt of cold
             ... on level 9 of the Dungeon.
             The game lasted 00:12:57 (6154 turns).

Azzok the Cleaver (Deep Dwarf Fighter)              Turns: 6154, Time: 00:12:58

Health: -4/99      AC: 15    Str: 23    XL:     10   Next: 50%
Magic:  1/1        EV:  7    Int:  9    God:    Makhleb [*.....]
Gold:   377        SH: 12    Dex: 12    Spells: 9/9 levels left

rFire    . . .     SeeInvis .   a - +0 war axe
rCold    . . .     Gourm    .   c - +0 shield
rNeg     . . .     Faith    .   F - +0 chain mail
rPois    .         Spirit   .   (no helmet)
rElec    .         Reflect  .   (no cloak)
rCorr    .         Harm     .   C - +1 pair of gloves
MR       +....                  (no boots)
Stlth    ..........             (no amulet)
HPRegen  0.00/turn              D - +4 ring of protection
MPRegen  0.07/turn              (no ring)

@: non-regenerating
A: damage resistance, heal wounds, sense surroundings 2, no regeneration
a: Heal Wounds, Renounce Religion


You were on level 9 of the Dungeon.
You worshipped Makhleb.
Makhleb was aware of your devotion.
You were not hungry.

You visited 2 branches of the dungeon, and saw 10 of its levels.

You collected 377 gold pieces.

Inventory:

Hand Weapons
 a - a +0 war axe (weapon)
Armour
 c - a +0 shield (worn)
 C - a +1 pair of gloves (worn)
 F - a +0 chain mail (worn)
Jewellery
 D - a +4 ring of protection (left hand)
Wands
 b - a wand of random effects (22)
 r - a wand of enslavement (9)
 x - a wand of disintegration (13)
 y - a wand of flame (71)
Scrolls
 g - a scroll of enchant weapon {unknown}
 h - 2 scrolls of fear {unknown}
 j - 6 scrolls of teleportation {unknown}
 m - 8 scrolls of remove curse {unknown}
 n - a scroll of magic mapping {unknown}
 o - 4 scrolls of enchant armour {unknown}
 p - a scroll of amnesia {unknown}
 s - 2 scrolls of noise {unknown}
 t - a scroll of fog
 u - a scroll of random uselessness {unknown}
 w - 2 scrolls of brand weapon {unknown}
 E - 2 scrolls of immolation {unknown}
 H - a scroll of blinking {unknown}
Potions
 d - a potion of might
 e - 3 potions of curing
 i - 2 potions of brilliance
 k - a potion of invisibility
 l - a potion of degeneration {unknown}
 q - 3 potions of resistance
 v - a potion of lignification {unknown}
 z - a potion of ambrosia {unknown}
 A - 2 potions of flight
 B - a potion of cancellation
 G - a potion of haste
Comestibles
 f - 18 rations
 I - 13 chunks of flesh


   Skills:
 + Level 9.1 Fighting
 + Level 10.5 Axes
 - Level 3.2 Armour
 + Level 10.0 Shields


You had 9 spell levels left.
You didn't know any spells.
Your spell library was empty.

Dungeon Overview and Level Annotations

Branches:
Dungeon (9/15)             Temple (1/1) D:6
   Lair: D:8-11         Orc: D:9-12

Altars:
Ashenzari
Cheibriados
Dithmenos
Elyvilon
Gozag
Kikubaaqudgha
Makhleb
Nemelex Xobeh
Okawaru
Qazlal
Ru
Sif Muna
Trog
Vehumet
Wu Jian
Xom
Yredelemnul
The Shining One

Shops:
D:6 [

Annotations:
D:9 Erolcha


Innate Abilities, Weirdness & Mutations

You are resistant to damage.
You can heal yourself by infusing magical energy.
You passively map the area around you.
You do not regenerate.


Message History

Your shield and chain mail prevent you from hitting Erolcha.
Erolcha is lightly wounded.
You block Erolcha's attack.
You hit Erolcha.
Erolcha is lightly wounded.
Erolcha hits you with a +0 giant club.
A gnoll comes into view. It is wielding a +2 whip of flaming.
You hit Erolcha.
Erolcha is moderately wounded.
You block Erolcha's attack.
You closely miss Erolcha.
Erolcha is moderately wounded.
Erolcha hits you with a +0 giant club!!
* * * LOW HITPOINT WARNING * * *
You block Erolcha's attack.
You slash Erolcha!
Erolcha is heavily wounded.
Erolcha points at you and mumbles some strange words.
The bolt of cold hits you!
You die... ·◦ ◦ ◦◦ · ◦ ◦◦ ·▒░ ░◦ · ◦ ◦◦ ·▒▒ ◦ ·◦ ◦◦◦◦

··· ▒▒· ··· ·· ░░ ··▒ ·▒▒
▒·◦··· ···╬_ ▒·▒ ··· ░ ░
▒▒·▒▒·▒▒··▒▒▒▒▒▒·▒▒▒·····
···<············Og·g·····
◦◦ ▒▒·····▒·▒· ░▒@▒
▒····· ░ ·▒·······▒·▒░
▒·▒▒······ ◦ ·▒▒····▒
▒··▒▒▒▒·······g· ◦ ░
·······▒ ▒·······▒▒···· ◦
▒▒▒·(··▒▒▒▒····▒····▒░▒▒
▒ ▒·······▒····▒····▒
▒▒▒)()▒▒▒···········▒
▒▒))▒······▒···▒····▒
·▒·····▒▒▒▒▒···▒)···▒


You could see Erolcha, a gnoll sergeant and a gnoll.

Vanquished Creatures
  Harold (D:7)
  A two-headed ogre (D:8)
  Joseph (D:9)
  A troll (D:9)
  Grinder (D:6)
  A wyvern (D:8)
  A spriggan (D:8)
  Duvessa (D:6)
  A water moccasin (D:6)
  An ice beast (D:9)
  3 orc warriors
  2 sky beasts (D:5)
  3 phantoms
  5 ogres
  2 centaurs
  2 necrophages (D:7)
  A crocodile (D:8)
  A wyvern zombie (D:6)
  Dowan (D:6)
  2 scorpions
  5 killer bees (D:9)
  3 howler monkeys
  2 bullfrog zombies
  2 crimson imps
  2 jellies (D:8)
  6 orc priests
  A hound (D:8)
  A centaur skeleton (D:6)
  6 orc wizards
  3 iguanas
  4 worker ants
  A hound skeleton (D:4)
  A mummy (D:6)
  A worker ant zombie (D:6)
  8 adders
  4 gnolls (D:2)
  2 shadow imps
  3 oozes
  An adder skeleton (D:7)
  A worm (D:7)
  4 dart slugs
  5 leopard geckos
  31 orcs
  5 bats
  2 giant cockroaches
  5 goblins
  6 hobgoblins
  5 jackals
  2 quokkas
  A ball python (D:2)
  3 frilled lizards
  A hobgoblin zombie (D:6)
  4 kobolds
  3 orc zombies (D:6)
  7 rats
173 creatures vanquished.

Vanquished Creatures (others)
  An orc (D:7)
1 creature vanquished.

Grand Total: 174 creatures vanquished

Notes
Turn   | Place    | Note
-------+----------+-------------------------------------------
     0 | D:1      | Azzok the Deep Dwarf Fighter began the quest for the Orb.
     0 | D:1      | Reached XP level 1. HP: 20/20 MP: 1/1
    68 | D:1      | Reached XP level 2. HP: 28/28 MP: 2/2
   660 | D:2      | Reached XP level 3. HP: 27/34 MP: 3/3
   706 | D:2      | Reached XP level 4. HP: 32/44 MP: 4/4
   922 | D:2      | Found a stormy altar of Qazlal.
  1919 | D:3      | You fall through a shaft!
  1928 | D:4      | Reached XP level 5. HP: 45/50 MP: 5/5
  2123 | D:4      | Reached skill level 5 in Axes
  2123 | D:4      | Reached XP level 6. HP: 42/58 MP: 5/5
  2966 | D:5      | Entered Level 5 of the Dungeon
  3013 | D:5      | Found a basalt altar of Yredelemnul.
  3016 | D:5      | Noticed a sky beast
  3017 | D:5      | Found an ornate altar of the Wu Jian Council.
  3038 | D:5      | Reached skill level 5 in Fighting
  3063 | D:5      | Killed a sky beast
  3063 | D:5      | Reached XP level 7. HP: 19/67 MP: 5/5
  3190 | D:5      | Found a shattered altar of Ashenzari.
  3203 | D:5      | Reached skill level 5 in Shields
  3230 | D:5      | HP: 3/67 [sky beast (3)]
  3313 | D:5      | Found a glowing golden altar of the Shining One.
  3334 | D:5      | Found an iron altar of Okawaru.
  3551 | D:6      | Found Bumyetott's Armour Shop.
  3620 | D:6      | Reached XP level 8. HP: 28/76 MP: 6/6
  3697 | D:6      | Noticed Duvessa
  3699 | D:6      | Noticed Dowan
  3716 | D:6      | Killed Duvessa
  3750 | D:6      | Killed Dowan
  3821 | D:6      | Noticed Grinder
  3822 | D:6      | Paralysed by Grinder for 5 turns
  3837 | D:6      | HP: 3/78 [Grinder (1)]
  3838 | D:6      | HP: 1/78 [Grinder (2)]
  3845 | D:6      | Paralysed by Grinder for 6 turns
  3859 | D:6      | Killed Grinder
  3896 | D:6      | Found a staircase to the Ecumenical Temple.
  4405 | D:6      | Found a bloodstained altar of Trog.
  4516 | Temple   | Entered the Ecumenical Temple
  4548 | Temple   | Became a worshipper of Makhleb the Destroyer
  4746 | D:7      | Found a radiant altar of Vehumet.
  4787 | D:7      | HP: 2/78 [ogre/+0 giant club (15)]
  4901 | D:7      | Gained mutation: You passively map the area around you.
                  | [Deep Dwarf growth]
  4901 | D:7      | Reached XP level 9. HP: 30/86 MP: 4/4
  4934 | D:7      | Noticed Harold
  4935 | D:7      | Found a shadowy altar of Dithmenos.
  4957 | D:7      | Killed Harold
  4966 | D:7      | Found a glowing golden altar of the Shining One.
  4985 | D:7      | Found an ancient bone altar of Kikubaaqudgha.
  5124 | D:7      | Found a snail-covered altar of Cheibriados.
  5505 | D:8      | Noticed a two-headed ogre
  5520 | D:8      | Killed a two-headed ogre
  5574 | D:8      | Reached * piety under Makhleb
  5574 | D:8      | Reached XP level 10. HP: 11/98 MP: 3/3
  5779 | D:8      | Reached skill level 10 in Axes
  6003 | D:9      | HP: 3/98 [troll (13)]
  6003 | D:9      | HP: 1/98 [troll (2)]
  6066 | D:9      | Noticed Joseph
  6090 | D:9      | Killed Joseph
  6090 | D:9      | Reached skill level 10 in Shields
  6145 | D:9      | Noticed Erolcha
  6154 | D:9      | Killed from afar by Erolcha

Vault maps used:
D:1:      mrwooster_arrival_statue_3
D:2:      nicolae_overflow_crystal_walls, first_ration
D:4:      minmay_thick_lines
D:5:      evilmike_ruin_ashenzari, nicolae_overflow_hidden_temple,
          grunt_temple_overflow_open, tso_metal_star
D:6:      lemuel_coloured_pillars_altar, minmay_temple_entry_poolview,
          serial_shops, nicolae_shop_waterfront, minmay_mini_ossuary,
          uniq_duvessa, uniq_grinder
D:7:      minmay_overflow_temple_star_quad, cheibrodos_worm_habitat,
          fiery_altar_vehumet, uniq_harold
D:8:      the_bakery
D:9:      zin_statuary, kennysheep_mini, lair_entry_dummy, uniq_erolcha,
          uniq_joseph
Temple:   jpeg_temple_island

Skill      XL: |  1  2  3  4  5  6  7  8  9 10 |
---------------+-------------------------------+-----
Fighting       | 3 4 5 7 8 9 |  9.1
Axes           | 3 4 5 6 8 9 10 | 10.5
Shields        | 4 5 7 9 10 | 10.0
Armour         | |  3.2

Action                   |  1- 3 |  4- 6 |  7- 9 | 10-12 || total
-------------------------+-------+-------+-------+-------++-------
Melee: War axe           |    63 |   208 |   327 |   169 ||   767
 Abil: Heal Wounds       |     1 |     6 |    18 |    11 ||    36
  Use: Scroll            |       |       |       |     7 ||     7
       Potion            |       |       |       |     1 ||     1
  Eat: Chunk             |       |     6 |    10 |     2 ||    18
Armor: Scale mail        |    38 |    97 |    79 |       ||   214
       Chain mail        |       |       |    22 |    78 ||   100
Dodge: Dodged            |    19 |    72 |    74 |    41 ||   206
Block: Shield            |    40 |    99 |   187 |   120 ||   446

Table legend:
 A = Non-vault XP
 B = Vault XP
 C = Vault XP percentage of total XP
 D = Non-vault monster count
 E = Vault monster count
 F = Vault count percentage of total count
                 A         B        C        D         E       F
            +---------+---------+-------+---------+---------+-------
      Total |    5993 |    2308 |  27.8 |     155 |      18 |  10.4
            +---------+---------+-------+---------+---------+-------
        D:1 |      35 |       0 |   0.0 |      18 |       0 |   0.0
        D:2 |     116 |       0 |   0.0 |      22 |       0 |   0.0
        D:3 |     109 |       0 |   0.0 |      19 |       0 |   0.0
        D:4 |     152 |     128 |  45.7 |      11 |       6 |  35.3
        D:5 |     759 |       0 |   0.0 |      16 |       0 |   0.0
        D:6 |     492 |     543 |  52.5 |      11 |       8 |  42.1
        D:7 |     721 |     986 |  57.8 |      13 |       2 |  13.3
        D:8 |    2203 |     196 |   8.2 |      22 |       1 |   4.3
        D:9 |    1406 |     455 |  24.4 |      23 |       1 |   4.2
            +---------+---------+-------+---------+---------+-------
